 Dungeon Crawl Stone Soup version 0.29.1-1-gd02db6906a (webtiles) character file.

Game seed: 14463063007327308938

5223 Demigod47 the Basher (level 10, -4/86 HPs)
             Began as a Minotaur Fighter on Oct 13, 2022.
             Slain by a troll (6 damage)
             ... on level 9 of the Dungeon.
             The game lasted 00:20:37 (10487 turns).

Demigod47 the Basher (Minotaur Fighter)            Turns: 10487, Time: 00:20:38

Health: -4/86      AC: 18    Str: 29    XL:     10   Next: 35%
Magic:  9/9        EV:  8    Int:  5    God:
Gold:   602        SH: 17    Dex: 10    Spells: 9/9 levels left

rFire   . . .      SeeInvis .   k - +4 mace (protect)
rCold   . . .      Faith    .   g - +2 kite shield
rNeg    . . .      Spirit   .   f - +7 chain mail "Dyrghecu" {Str+4}
rPois   .          Reflect  +   (helmet restricted)
rElec   .          Harm     .   (no cloak)
rCorr   .          Rampage  .   r - +0 pair of gloves
Will    .....                   (no boots)
Stlth   ..........              p - amulet of reflection
HPRegen 0.24/turn               (no ring)
MPRegen 0.11/turn               (no ring)

@: no status effects
A: horns 2, retaliatory headbutt, sense surroundings 1
a: no special abilities


You were on level 9 of the Dungeon.
You visited 2 branches of the dungeon, and saw 10 of its levels.

You collected 602 gold pieces.

Inventory:

Hand Weapons
 k - a +4 mace of protection (weapon)
 w - a +5 flail
Missiles
 t - 3 javelins (quivered)
Armour
 f - the +7 chain mail "Dyrghecu" (worn) {Str+4}
   (You found it on level 5 of the Dungeon)

   Str:       It affects your strength (+4).
 g - a +2 kite shield (worn)
 r - a +0 pair of gloves (worn)
Jewellery
 a - a ring of magical power
 n - a ring of wizardry
 p - an amulet of reflection (around neck)
 q - a ring of wizardry
Wands
 d - a wand of charming (9)
 v - a wand of mindburst (18)
Scrolls
 b - a scroll of identify
 e - a scroll of immolation
 h - a scroll of blinking
 i - a scroll of magic mapping
 j - 2 scrolls of noise
 l - 2 scrolls of vulnerability
 o - a scroll of teleportation
 s - a scroll of butterflies
 x - a scroll of enchant weapon
Potions
 c - 2 potions of flight
 m - a potion of magic
 u - a potion of brilliance


   Skills:
 + Level 7.1 Fighting
 * Level 13.0 Maces & Flails
 + Level 7.3 Armour
 + Level 3.3 Dodging
 + Level 0.6 Stealth
 + Level 9.7 Shields


You had 9 spell levels left.
You didn't know any spells.
Your spell library contained the following spells:

 Spells                   Type           Power      Damage    Failure   Level
 Magic Dart               Conj           0%         1d3       99%         1
 Searing Ray              Conj           0%         2d4       100%        2
 Call Canine Familiar     Summ           0%         N/A       100%        3
 Ozocubu's Armour         Ice            0%         N/A       100%        3
 Portal Projectile        Hex/Tloc       0%         N/A       100%        3
 Cause Fear               Hex            0%         N/A       100%        4
 Fulminant Prism          Conj/Hex       0%         3d6       100%        4
 Leda's Liquefaction      Hex/Erth       0%         N/A       100%        4
 Dragon Form              Tmut           0%         N/A       100%        7
 Ozocubu's Refrigeration  Ice            0%         4d7       100%        7
 Dragon's Call            Summ           0%         N/A       100%        9


Dungeon Overview and Level Annotations

Branches:
Dungeon (9/15)             Temple (1/1) D:4
   Lair: D:8-11         Orc: D:9-12

Altars:
Ashenzari
Cheibriados
Dithmenos
Elyvilon
Fedhas
Gozag
Hepliaklqana
Kikubaaqudgha
Makhleb
Nemelex Xobeh
Qazlal
Ru
Trog
Uskayaw
Vehumet
Wu Jian
Xom
Zin
The Shining One


Innate Abilities, Weirdness & Mutations

You have a pair of horns on your head.
You reflexively headbutt those who attack you in melee.
You passively map a small area around you.


Message History

The steam dragon hisses angrily.
A troll comes into view.
The troll shouts!
The electric eel shoots out a bolt of lightning at you!
The bolt of electricity hits you!
The electric eel shoots out a bolt of lightning at you!
The bolt of electricity hits you.
* * * LOW HITPOINT WARNING * * *
You miss the electric eel. You miss the electric eel.
The electric eel shoots out a bolt of lightning at you!
The bolt of electricity hits you.
* * * LOW HITPOINT WARNING * * *
You thump the electric eel!
Your weapon exudes an aura of protection.
Your headbutt misses the electric eel.
The electric eel is heavily wounded.
The electric eel shoots out a bolt of lightning at you!
The bolt of electricity hits you!
* * * LOW HITPOINT WARNING * * *
The electric eel shoots out a bolt of lightning at you!
The bolt of electricity hits you!
* * * LOW HITPOINT WARNING * * *
Okay, then.
Blink to where?
Press: ? - help, Dir - move target
As you read the scroll of blinking, it crumbles to dust.
A steam dragon is nearby!
The steam dragon breathes steam at you.
The ball of steam hits you but does no damage.
You are engulfed in a cloud of scalding steam.
You are engulfed in a cloud of scalding steam.
The troll is engulfed in a cloud of scalding steam.
The troll attacks as you move away! The troll bites you!
* * * LOW HITPOINT WARNING * * *
You block the troll's attack. The troll claws you.
* * * LOW HITPOINT WARNING * * *
You block the troll's attack. The troll closely misses you.
The troll claws you.
You die...

* ##############################
...............................
,................................
.................................
..................>..............
.................................
.................................
................@................
...............T.................
...............D.................
.................................
.................................
.................................
.................................
.................................
..............)..................


You could see a troll and a steam dragon.

Vanquished Creatures
  Erica (D:8)
  Pikel (D:5)
  Sigmund (D:6)
  A wyvern (D:8)
  3 yaks (D:9)
  2 water moccasins
  A black bear (D:4)
  2 orc warriors
  An ice beast (D:7)
  3 ogres
  A lemure (D:5)
  3 phantoms
  A gnoll sergeant (D:8)
  A kobold brigand (D:7)
  4 bullfrogs
  13 wights
  The ghost of Earthwalker the Trooper, a weakling MiFi (D:3)
  5 killer bees (D:8)
  3 howler monkeys (D:8)
  A gnoll bouda (D:6)
  3 orc priests
  3 jellies (D:2)
  5 iguanas
  Natasha (thrice) (D:2)
  7 orc wizards
  7 adders
  17 gnolls
  A shadow imp (D:7)
  A white imp (D:7)
  2 worms
  2 dart slugs
  44 orcs
  5 ball pythons
  17 endoplasms
  4 giant cockroaches
  4 goblins
  7 hobgoblins
  8 quokkas
  5 bats
  3 frilled lizards
  16 kobolds
  9 rats
222 creatures vanquished.

Vanquished Creatures (others)
  10 fungi (D:2)
  16 plants (D:4)
  7 toadstools (D:2)
33 creatures vanquished.

Grand Total: 255 creatures vanquished

Notes
Turn   | Place    | Note
-------+----------+-------------------------------------------
     0 | D:1      | Demigod47 the Minotaur Fighter began the quest for the Orb.
     0 | D:1      | Reached XP level 1. HP: 19/19 MP: 0/0
   574 | D:1      | Reached XP level 2. HP: 27/27 MP: 1/1
   652 | D:1      | Reached skill level 3 in Maces & Flails
  1026 | D:2      | Reached XP level 3. HP: 28/33 MP: 2/2
  1110 | D:2      | Noticed Natasha
  1116 | D:2      | Killed Natasha
  1286 | D:2      | Reached XP level 4. HP: 40/40 MP: 3/3
  1343 | D:2      | Reached skill level 4 in Maces & Flails
  1472 | D:2      | Noticed Natasha
  1489 | D:2      | Killed Natasha
  1598 | D:2      | Noticed Natasha
  1604 | D:2      | Killed Natasha
  1605 | D:2      | Reached skill level 5 in Maces & Flails
  1605 | D:2      | Reached XP level 5. HP: 32/46 MP: 4/4
  1798 | D:2      | Reached skill level 1 in Dodging
  2068 | D:2      | Reached skill level 6 in Maces & Flails
  2510 | D:3      | Noticed a phantom
  2517 | D:3      | Killed a phantom
  2518 | D:3      | Reached XP level 6. HP: 52/52 MP: 5/5
  2538 | D:3      | Found a burning altar of Makhleb.
  2806 | D:3      | Found a runed translucent gate.
  2806 | D:3      | Found a runed translucent gate.
  2807 | D:3      | Found a runed translucent gate.
  2842 | D:3      | Noticed Earthwalker's ghost (weakling MiFi)
  3067 | D:3      | Found a faded altar of an unknown god.
  3502 | D:3      | Killed Earthwalker's ghost
  3832 | D:4      | Found a staircase to the Ecumenical Temple.
  3845 | D:4      | Reached skill level 7 in Maces & Flails
  3912 | Temple   | Entered the Ecumenical Temple
  3995 | D:4      | Reached skill level 5 in Armour
  3995 | D:4      | Reached XP level 7. HP: 59/60 MP: 6/6
  4697 | D:4      | Identified the +0 cloak of Zorhowie {-Tele Dex+7}
  4888 | D:5      | Entered Level 5 of the Dungeon
  4916 | D:5      | Reached skill level 5 in Shields
  5439 | D:5      | Identified the +7 chain mail "Dyrghecu" {Str+4}
  5576 | D:5      | Reached skill level 8 in Maces & Flails
  5582 | D:5      | Reached XP level 8. HP: 67/67 MP: 7/7
  5613 | D:5      | Found a snail-covered altar of Cheibriados.
  5819 | D:6      | Identified the +1 leather armour of the Bagpipe {rElec rF+
                  | MP+9 Int+6}
  5854 | D:6      | Noticed Pikel
  6109 | D:5      | Killed Pikel
  6110 | D:5      | Reached skill level 5 in Fighting
  6110 | D:5      | Reached skill level 9 in Maces & Flails
  6465 | D:6      | Noticed Sigmund
  6481 | D:6      | Killed Sigmund
  6523 | D:6      | Reached skill level 10 in Maces & Flails
  7023 | D:6      | Reached XP level 9. HP: 74/74 MP: 8/8
  7601 | D:7      | Found a glowing golden altar of the Shining One.
  7637 | D:7      | Reached skill level 11 in Maces & Flails
  8180 | D:7      | Gained mutation: You are robust. (+10% HP) [potion of
                  | mutation]
  8180 | D:7      | Gained mutation: You passively map a small area around you.
                  | [potion of mutation]
  8180 | D:7      | Lost mutation: You are robust. (+10% HP) [potion of
                  | mutation]
  8294 | D:7      | Found a sparkling altar of Nemelex Xobeh.
  8455 | D:7      | Found a white marble altar of Elyvilon.
  8456 | D:7      | Found a hazy altar of Hepliaklqana.
  8741 | D:8      | Noticed Erica
  8764 | D:8      | Killed Erica
  9191 | D:8      | Reached XP level 10. HP: 84/84 MP: 9/9
  9344 | D:8      | Reached skill level 12 in Maces & Flails
  9684 | D:8      | Identified the +6 scale mail "Satz" {Int+3}
  9892 | D:8      | Found a transporter.
 10402 | D:9      | Reached skill level 13 in Maces & Flails
 10486 | D:9      | HP: 2/86 [troll (3)]
 10487 | D:9      | Slain by a troll

Illustrated notes

Levels and vault maps discovered:
D:1:      wander_arrival_chamber, layout_loops_ring
D:2:      cheibrodos_fertilizer, layout_basic, uniq_natasha
D:3:      layout_loops_ring, lightli_temple_of_fire, biasface_ghost_orc_armoury,
          nicolae_ecumenical_lake_church
D:4:      wad_woods_pond, layout_basic, minmay_misc_feat_cross
D:5:      layout_rooms, slow_altar_2
D:6:      layout_gridville, uniq_pikel, uniq_sigmund
D:7:      layout_loops_ring, nemelex_spade_bored_becter,
          mainiacjoe_overflow_alcove_4, mainiacjoe_overflow_divided_tiny,
          grunt_ministairs_14, hex_medium
D:8:      layout_loops_ring, nicolae_diode_basic, uniq_erica
D:9:      layout_layer_cave, kennysheep_mini_moat, erik_orc_2,
          nicolae_transmutations_shop, uniq_maurice
Temple:   cyrus_circular_temple

Skill      XL: |  1  2  3  4  5  6  7  8  9 10 |
---------------+-------------------------------+-----
Maces & Flails | 3 5 6 7 8 10 11 13 | 13.0
Armour         | 4 5 6 7 |  7.3
Fighting       | 4 5 6 7 |  7.1
Shields        | 4 6 7 9 |  9.7
Dodging        | 1 2 3 |  3.3
Stealth        | |  0.6

Action                   |  1- 3 |  4- 6 |  7- 9 | 10-12 || total
-------------------------+-------+-------+-------+-------++-------
Melee: Flail             |    67 |   138 |       |       ||   205
       Headbutt          |     9 |    23 |    65 |    10 ||   107
       Mace              |       |    14 |   351 |   101 ||   466
  Use: Potion            |     2 |     2 |     9 |     1 ||    14
       Scroll            |       |     8 |     5 |     2 ||    15
Armor: Scale mail        |    37 |    30 |       |       ||    67
       Chain mail        |       |    30 |   144 |    57 ||   231
       Ring mail         |       |    10 |    33 |       ||    43
Dodge: Dodged            |    44 |    64 |    93 |    24 ||   225
Block: Buckler           |    18 |    32 |       |       ||    50
       Kite shield       |       |    36 |   331 |   110 ||   477
       Reflection        |       |       |     5 |     1 ||     6
